 Dungeon Crawl Stone Soup version 0.31.0-11-ge490571c62 (webtiles) character file.

Game seed: 13778131418093446061

2451 MisterFreud the Destroyer (level 9, -6/65 HPs)
             Began as a Demonspawn Conjurer on Jan 29, 2024.
             Was an Initiate of Gozag.
             Mangled by an orc warrior
             ... wielding a +0 glaive
              (21 damage)
             ... in a bailey.
             The game lasted 00:17:23 (7515 turns).

MisterFreud the Destroyer (Demonspawn Conjurer)     Turns: 7515, Time: 00:17:23

Health: -6/65      AC:  5    Str:  7    XL:     9   Next: 25%
Magic:  18/18      EV: 18    Int: 29    God:    Gozag
Gold:   1138       SH:  0    Dex: 12    Spells: 17/20 levels left

rFire   . . .        c - +0 short sword (protect)
rCold   + . .        (no shield)
rNeg    . . .        a - +1 robe
rPois   .            (helmet restricted)
rElec   .            (no cloak)
rCorr   .            (no gloves)
SInv    .            (no boots)
Will    .....        (no amulet)
Stlth   +++          F - +5 ring of evasion
HPRegen 0.30/turn    q - ring of Koile {^Contam rC+ Int+6 Stlth+}
MPRegen 0.32/turn

%: no passive effects
@: no status effects
A: horns 2, slimy green scales 1, magic regeneration
a: Renounce Religion, Potion Petition, Call Merchant, Bribe Branch


You were in a bailey.
You worshipped Gozag.
Gozag was most pleased with you.
You visited 2 branches of the dungeon, and saw 8 of its levels.
You also visited: Ossuary and Bailey.

You collected 1182 gold pieces.
You paid 44 gold pieces to Gozag.

Inventory:

Hand Weapons
 c - a +0 short sword of protection (weapon)
 g - a +0 short sword
Missiles
 k - a boomerang
 s - 7 poisoned darts
Armour
 a - a +1 robe (worn)
Jewellery
 e - a ring of see invisible
 h - a ring of poison resistance
 n - a ring of protection from fire
 p - an amulet of guardian spirit
 q - the ring of Koile (right hand) {^Contam rC+ Int+6 Stlth+}
   (You took it off an orc on level 4 of the Dungeon)

   [ring of protection from cold]

   Int+6:     It affects your intelligence (+6).
   rC+:       It protects you from cold.
   ^Contam:   It causes magical contamination when unequipped.
   Stlth+:    It makes you more stealthy.
 F - a +5 ring of evasion (left hand)
Wands
 C - a wand of flame (19)
Scrolls
 d - 2 scrolls of fog
 l - a scroll of enchant armour
 x - 2 scrolls of brand weapon {unknown}
 y - 2 scrolls of fear {unknown}
 A - 3 scrolls of revelation
 B - 2 scrolls of immolation
 D - a scroll of silence {unknown}
 G - a scroll of teleportation {unknown}
 H - a scroll of amnesia {unknown}
Potions
 b - 2 potions of magic
 f - a potion of heal wounds
 i - 2 potions of curing
 j - 2 potions of lignification
 m - a potion of ambrosia
 o - 2 potions of brilliance
 r - a potion of invisibility {unknown}
 t - 2 potions of might {unknown}
 u - a potion of resistance {unknown}
 v - a potion of haste {unknown}
 w - 3 potions of mutation {unknown}
 z - a potion of enlightenment {unknown}
 E - a potion of attraction {unknown}
 I - a potion of cancellation {unknown}


   Skills:
 - Level 4.0 Fighting
 + Level 3.9 Dodging
 - Level 2.0 Stealth
 + Level 6.1 Spellcasting
 - Level 10.0 Conjurations


You had 17 spell levels left.
You knew the following spells:

 Your Spells              Type           Power      Damage    Failure   Level
a - Magic Dart            Conj           100%       1d8       1%          1
b - Searing Ray           Conj           100%       2d8       1%          2

Your spell library contained the following spells:

 Spells                   Type           Power      Damage    Failure   Level
 Shock                    Conj/Air       100%       1d9       1%          1
 Fulminant Prism          Conj/Alch      18%        3d10      7%          4
 Iskenderun's Mystic Bla  Conj/Tloc      37%        2d9       7%          4
 Lesser Beckoning         Tloc           16%        N/A       9%          2
 Gell's Gravitas          Tloc           8%         N/A       17%         3
 Swiftness                Air            8%         N/A       17%         3
 Teleport Other           Tloc           8%         N/A       17%         3
 Airstrike                Air            4%         2d(1-17)  50%         4
 Ignite Poison            Fire/Alch      8%         N/A       50%         4
 Leda's Liquefaction      Alch/Erth      4%         N/A       50%         4
 Borgnjor's Vile Clutch   Necr/Erth      4%         N/A       83%         5


Dungeon Overview and Level Annotations

Branches:
Dungeon (7/15)             Temple (1/1) D:4         Ossuary (visited)
 Bailey (1/1)

Altars:
Ashenzari
Cheibriados
Dithmenos
Fedhas
Gozag
Hepliaklqana
Kikubaaqudgha
Makhleb
Nemelex Xobeh
Okawaru
Qazlal
Ru
Sif Muna
Trog
Uskayaw
Vehumet
Wu Jian
Xom
Yredelemnul

Shops:
D:6 [

Annotations:
D:2 1 runed translucent door, Crazy Yiuf


Innate Abilities, Weirdness & Mutations

You have a pair of horns on your head.
You are partially covered in slimy green scales. (AC +2)
You regenerate magic rapidly.


Message History

Casting: Searing Ray (safe; 1% risk of failure)
Confirm with . or Enter, or press ? or * to list all spells.
Aiming: Searing Ray (safe; 1% risk of failure)
Press: ? - help, Shift-Dir - straight line, f - orc warrior
Aim: an orc warrior, wielding a +0 glaive and wearing a +0 chain mail (81% to hit)
The searing ray hits the orc warrior but does no damage. (Press . to maintain the ray.)
The orc warrior hits you from afar with a +0 glaive!
The searing ray misses the orc warrior.
The orc warrior hits you from afar with a +0 glaive!!
The searing ray hits the orc warrior.
The orc warrior is lightly wounded.
The orc warrior hits you from afar with a +0 glaive!
* * * LOW HITPOINT WARNING * * *
You enter the shallow water.
Moving in this stuff is going to be slow.
The orc warrior completely misses you.
You enter the shallow water.
Moving in this stuff is going to be slow.
The orc warrior completely misses you.
The orc warrior hits you from afar with a +0 glaive!
* * * LOW HITPOINT WARNING * * *
The orc warrior attacks as it pursues you!
The orc warrior misses you.
The orc warrior hits you but does no damage.
You enter the shallow water.
Moving in this stuff is going to be slow.
The orc warrior misses you.
The orc warrior attacks as it pursues you!
The orc warrior completely misses you. The orc warrior barely misses you.
The orc warrior attacks as it pursues you!
The orc warrior barely misses you.
The orc warrior attacks as it pursues you!
The orc warrior hits you but does no damage.
The orc warrior attacks as it pursues you!
The orc warrior completely misses you.
The orc warrior attacks as it pursues you!
The orc warrior hits you from afar with a +0 glaive!!
You die...
Your body crumbles into a pile of gold.

#.~)##.$$$.#
#.~..##.$.#
#.~~.)##.## .....
#∩.~~..#+# .§⌠..
##.~~..# .⌠∩§.
#.~~..## ≈....o
#.~..## §≈≈≈≈ #.))##
...§
#.~@#############'##
#.~..o.......##.....
#.~~~~~~~~~~..##.∩.#
#..........~~).## ##
##########..~~.)###.
##..~~.....
##..~~~~~~ ##.......
########


You could see an orc warrior.

Vanquished Creatures
  Pikel (D:6)
  Menkaure (D:6)
  A water moccasin (D:7)
  A black bear (D:4)
  3 ogres (D:6)
  A phantom (D:5)
  A bullfrog (D:6)
  5 elf zombies (Ossuary)
  A howler monkey (D:7)
  A centaur zombie (Ossuary)
  A jelly (D:6)
  A human zombie (Ossuary)
  A bombardier beetle (D:5)
  2 orc priests (D:4)
  A gnoll bouda (D:4)
  4 hounds
  Natasha (twice) (D:2)
  2 orc wizards (D:5)
  2 crocodile zombies (Ossuary)
  A bullfrog simulacrum (Ossuary)
  4 spectral hounds (Ossuary)
  3 mummies (Ossuary)
  6 gnolls
  5 adders
  A shadow imp (D:7)
  2 spectral adders (Ossuary)
  2 spectral gnolls (Ossuary)
  5 dart slugs
  4 adder simulacra (Ossuary)
  38 orcs
  9 ball pythons
  7 endoplasms
  4 giant cockroaches
  3 gnoll zombies (Ossuary)
  9 goblins
  6 hobgoblins
  10 kobolds
  5 quokkas
  4 bats
  2 frilled lizards
  2 gnoll simulacra (Ossuary)
  2 jackal simulacra (Ossuary)
  A jackal zombie (D:5)
  4 kobold zombies (Ossuary)
  9 orc zombies (Ossuary)
  6 rats
  A spectral jackal (Ossuary)
187 creatures vanquished.

Notes
Turn   | Place    | Note
-------+----------+-------------------------------------------
     0 | D:1      | MisterFreud the Demonspawn Conjurer began the quest for the
                  | Orb.
     0 | D:1      | Reached XP level 1. HP: 13/13 MP: 3/3
   378 | D:1      | Gained mutation: You regenerate magic rapidly. [demonic
                  | ancestry]
   378 | D:1      | Reached XP level 2. HP: 19/19 MP: 3/5
   708 | D:1      | Gained mutation: You have a pair of small horns on your
                  | head. [demonic ancestry]
   708 | D:1      | Reached XP level 3. HP: 24/24 MP: 3/6
  1114 | D:2      | Reached skill level 5 in Conjurations
  1117 | D:2      | Learned a level 2 spell: Searing Ray
  1216 | D:2      | Noticed Natasha
  1221 | D:2      | Killed Natasha
  1222 | D:2      | Gained mutation: You have a pair of horns on your head.
                  | [demonic ancestry]
  1222 | D:2      | Reached XP level 4. HP: 30/30 MP: 2/7
  1490 | D:2      | Found a runed translucent door.
  1491 | D:2      | Noticed Crazy Yiuf
  1523 | D:2      | Noticed Natasha
  1527 | D:2      | Killed Natasha
  1722 | D:3      | You fall into a shaft and drop 1 floor!
  1758 | D:4      | Found a staircase to the Ecumenical Temple.
  1776 | Temple   | Entered the Ecumenical Temple
  1789 | Temple   | Became a worshipper of Gozag Ym Sagoz the Greedy
  1852 | D:3      | Reached skill level 6 in Conjurations
  2083 | D:3      | Got the Omnibus of Molten Grit
  2148 | D:3      | Reached XP level 5. HP: 35/35 MP: 3/8
  2243 | D:3      | Found a faded altar of an unknown god.
  3269 | D:4      | Reached skill level 7 in Conjurations
  3303 | D:4      | Reached skill level 1 in Fighting
  3303 | D:4      | Reached XP level 6. HP: 43/43 MP: 4/9
  3904 | D:4      | Identified the ring of Koile {^Contam rC+ Int+6 Stlth+}
  3990 | D:5      | Entered Level 5 of the Dungeon
  4228 | D:5      | Gained mutation: You are partially covered in slimy green
                  | scales. (AC +2) [demonic ancestry]
  4228 | D:5      | Reached XP level 7. HP: 42/54 MP: 0/10
  4533 | D:5      | Found a sand-covered staircase.
  4563 | Ossuary  | Entered an ossuary
  5021 | Ossuary  | Reached skill level 5 in Spellcasting
  5223 | Ossuary  | Reached XP level 8. HP: 32/60 MP: 0/15
  5333 | Ossuary  | Reached skill level 8 in Conjurations
  5908 | D:5      | Found a blossoming altar of Fedhas.
  6337 | D:6      | Found Sopiug's Armour Shoppe.
  6389 | D:6      | Reached skill level 9 in Conjurations
  6539 | D:6      | Noticed Menkaure
  6549 | D:6      | Killed Menkaure
  6702 | D:6      | Noticed Pikel
  6710 | D:6      | Killed Pikel
  6711 | D:6      | Reached skill level 10 in Conjurations
  6711 | D:6      | Reached XP level 9. HP: 51/65 MP: 8/17
  6907 | D:6      | Found a sparkling altar of Nemelex Xobeh.
  7170 | D:7      | Found a flagged portal.
  7183 | Bailey   | Entered a bailey
  7451 | Bailey   | Noticed an orc knight
  7515 | Bailey   | Mangled by an orc warrior

Illustrated notes

Levels and vault maps discovered:
D:1:      lightli_arrival_statuegarden, layout_basic
D:2:      layout_rooms, st_stairs_10, minmay_close_crescents, uniq_natasha,
          uniq_crazy_yiuf_cottage
D:3:      minmay_evil_eye, layout_basic, ebering_ecumenical_altar_webs,
          grunt_ministairs_6
D:4:      layout_loops_ring, minmay_temple_entry_glassed_door
D:5:      layout_cave_pools, kennysheep_little_box, enter_ossuary_3,
          kennysheep_generic_room_12
D:6:      layout_cave_pools, nemelex_dance_club_becter, serial_shops, shop,
          uniq_menkaure, uniq_pikel
D:7:      layout_basic, nicolae_tso_carved_into_rock, enter_bailey_6,
          nicolae_beast_mode
Temple:   hellmonk_temple_of_storms
Bailey:   bailey_polearm_1, bailey

Skill      XL: |  1  2  3  4  5  6  7  8  9 |
---------------+----------------------------+-----
Stealth        | 2 |  2.0
Conjurations   | 5 6 7 10 | 10.0
Fighting       | 1 4 |  4.0
Spellcasting   | 5 6 |  6.1
Dodging        | 3 |  3.9

Action                     |  1- 3 |  4- 6 |  7- 9 || total
---------------------------+-------+-------+-------++-------
  Melee: Unarmed           |     8 |       |       ||     8
         Short sword       |       |     9 |    17 ||    26
         Headbutt          |       |     2 |     4 ||     6
   Cast: Magic Dart        |    53 |   104 |   132 ||   289
         Searing Ray       |       |    14 |    76 ||    90
    Use: Scroll            |     4 |     8 |     1 ||    13
   Stab: Sleeping          |       |       |     1 ||     1
 Armour: Robe              |     8 |    43 |    86 ||   137
  Dodge: Dodged            |     6 |    46 |    99 ||   151
